 Dungeon Crawl Stone Soup version 0.29.1-13-g9f3cf754e1 (webtiles) character file.

Game seed: 9417089109471990393

86 cdecastro the Sneak (level 4, -2/21 HPs)
             Began as a Vine Stalker Enchanter on Feb 5, 2023.
             Killed from afar by Natasha (7 damage)
             ... with a bolt of dispelling energy
             ... on level 2 of the Dungeon.
             The game lasted 00:05:33 (3561 turns).

cdecastro the Sneak (Vine Stalker Enchanter)        Turns: 3561, Time: 00:05:33

Health: -2/21      AC:  3    Str: 10    XL:     4   Next: 49%
Magic:  0/8        EV: 12    Int: 17    God:
Gold:   96         SH:  0    Dex: 15    Spells: 2/7 levels left

rFire   . . .      SeeInvis .   p - +0 short sword (drain)
rCold   . . .      Faith    .   (no shield)
rNeg    . . .      Spirit   +   b - +0 robe
rPois   .          Reflect  .   k - +0 helmet
rElec   .          Harm     .   (no cloak)
rCorr   .          Rampage  .   (no gloves)
Will    .....                   (no boots)
Stlth   +++.......              (no amulet)
HPRegen 0.87/turn               (no ring)
MPRegen 0.11/turn               (no ring)

@: no status effects
A: fangs 2, regeneration 1, magic shield, antimagic bite, no potion heal 2
a: no special abilities


You were on level 2 of the Dungeon.
You visited 1 branch of the dungeon, and saw 3 of its levels.

You collected 96 gold pieces.

Inventory:

Hand Weapons
 a - a +1 dagger
 p - a +0 short sword of draining (weapon)
Missiles
 s - 5 poisoned darts (quivered)
Armour
 b - a +0 robe (worn)
 k - a +0 helmet (worn)
Magical Staves
 n - a staff of air
Scrolls
 d - a scroll of summoning {unknown}
 e - 2 scrolls of noise {unknown}
 g - a scroll of immolation {unknown}
 j - a scroll of vulnerability {unknown}
 l - a scroll of teleportation {unknown}
 m - a scroll of blinking {unknown}
 o - a scroll of silence {unknown}
 u - a scroll of identify {unknown}
Potions
 c - 5 potions of invisibility
 f - 3 potions of mutation {unknown}
 h - a potion of curing {unknown}
 i - a potion of magic {unknown}
 q - a potion of might {unknown}
 r - a potion of haste {unknown}
 t - a potion of attraction {unknown}
 v - a potion of ambrosia {unknown}


   Skills:
 - Level 0.8 Short Blades
 - Level 1.5 Dodging
 + Level 4.7 Stealth
 - Level 2.1 Spellcasting
 * Level 4.5 Hexes


You had 2 spell levels left.
You knew the following spells:

 Your Spells              Type           Power      Damage    Failure   Level
a - Ensorcelled Hibernat  Hex/Ice        18%        N/A       11%         2
b - Confusing Touch       Hex            17%        N/A       9%          3

Your spell library contained the following spells:

 Spells                   Type           Power      Damage    Failure   Level
 Tukima's Dance           Hex            17%        N/A       9%          3
 Dazzling Flash           Conj/Hex       18%        N/A       22%         3


Dungeon Overview and Level Annotations

Branches:
Dungeon (3/15)

Altars:

Shops:
D:1 (

Annotations:
D:2 Natasha


Innate Abilities, Weirdness & Mutations

You have extremely sharp teeth.
Your natural rate of healing is unusually fast.
When hurt, damage is shared between your health and your magic reserves.
Your bite disrupts and absorbs the magic of your enemies.
Potions cannot restore your health.


Message History

Natasha is moderately wounded.
Natasha closely misses you.
Natasha wildly gestures.
You feel troubled. Natasha claws you but does no damage.
Casting: Ensorcelled Hibernation (safe; 11% risk of failure)
Confirm with . or Enter, or press ? or * to list all spells.
The spell is quite dangerous to miscast (9% risk of failure)!
Continue anyway?
Okay, then.
Unknown command.
Unknown command.
Casting: Confusing Touch (quite dangerous; 9% risk of failure)
Confirm with . or Enter, or press ? or * to list all spells.
Aiming: Ensorcelled Hibernation (safe; 11% risk of failure)
Press: ? - help, Shift-Dir - straight line, f - Natasha
Aim: Natasha, carrying a wand of quicksilver (6) (moderately wounded, heavily drained, chance to affect: 50%) Natasha resists with some effort.
Natasha closely misses you.
Casting: Ensorcelled Hibernation (safe; 11% risk of failure)
Confirm with . or Enter, or press ? or * to list all spells.
Aiming: Ensorcelled Hibernation (safe; 11% risk of failure)
Press: ? - help, Shift-Dir - straight line, f/p - Natasha
Aim: Natasha, carrying a wand of quicksilver (6) (moderately wounded, heavily drained, chance to affect: 50%) Natasha resists with some effort.
Natasha zaps a wand.
The bolt of dispelling energy hits you!!
Ouch! That really hurt!
* * * LOW HITPOINT WARNING * * *
You hit Natasha.
Natasha is heavily wounded.
Natasha claws you.
* * * LOW HITPOINT WARNING * * *
You barely miss Natasha.
Natasha is heavily wounded.
Natasha barely misses you.
You hit Natasha. You drain Natasha. You bite Natasha, but do no damage.
Natasha is almost dead.
Natasha barely misses you.
You closely miss Natasha.
Natasha is almost dead.
Natasha zaps a wand.
The bolt of dispelling energy hits you!
You die...

##.........)##.##.#...#'#.# #..
#.......^..##.##.#.......######.
#.............##.#...[..........
################.#.......#######
####### #.#..)....# #.....####
#.#.......# #........#
#.#.#'#'#.#
####........#####h#.#.#.#.# ###
...'........'...@...#.#.#.# #..
####........#####+###.#.#.# #..
#.....####.........#.#+#####..
#.....# #.......###......##..
####### #.......# #......##..
#.......# #......##.. #.......#
#......+... #.......#
#......###.
#.......###......'.#.


You could see Natasha (very drained).

Vanquished Creatures
  An adder (D:2)
  2 worms (D:2)
  3 dart slugs (D:1)
  7 ball pythons
  5 endoplasms
  A giant cockroach (D:1)
  2 goblins (D:2)
  7 hobgoblins
  4 jackals (D:2)
  6 kobolds
  3 quokkas
  10 bats
  4 frilled lizards
  8 rats
63 creatures vanquished.

Notes
Turn   | Place    | Note
-------+----------+-------------------------------------------
     0 | D:1      | cdecastro the Vine Stalker Enchanter began the quest for
                  | the Orb.
     0 | D:1      | Reached XP level 1. HP: 9/9 MP: 4/4
   367 | D:1      | Reached XP level 2. HP: 5/13 MP: 6/6
  1114 | D:1      | Found Guckaoch's Weapon Shop.
  1227 | D:1      | Reached XP level 3. HP: 14/16 MP: 7/7
  1360 | D:1      | Learned a level 2 spell: Ensorcelled Hibernation
  1364 | D:1      | Learned a level 3 spell: Confusing Touch
  1618 | D:1      | Found a faded altar of an unknown god.
  2055 | D:2      | Noticed Natasha
  2461 | D:2      | Gained mutation: Your natural rate of healing is unusually
                  | fast. [Vine Stalker growth]
  2461 | D:2      | Reached XP level 4. HP: 21/21 MP: 8/8
  2750 | D:2      | You fall into a shaft and drop 1 floor!
  3188 | D:3      | Noticed a centaur
  3561 | D:2      | Killed from afar by Natasha

Illustrated notes

Levels and vault maps discovered:
D:1:      tarquinn_simple_flora_water_f, layout_loops_corners,
          ebering_ecumenical_altar_hall, serial_shops, shop_statue,
          dreamdust_princess_corridor
D:2:      layout_basic, uniq_natasha
D:3:      layout_basic, grunt_decor_junction

Skill      XL: |  1  2  3 |
---------------+----------+-----
Stealth        | 4 |  4.7
Hexes          | 4 |  4.5
Short Blades   | |  0.8
Dodging        | |  1.5
Spellcasting   | |  2.1

Action                   |  1- 3 |  4- 6 || total
-------------------------+-------+-------++-------
Melee: Dagger            |   132 |    20 ||   152
       Bite              |    29 |     9 ||    38
       Punch             |     2 |       ||     2
       Short sword       |       |    29 ||    29
 Cast: Ensorcelled Hiber |     3 |     6 ||     9
 Stab: Sleeping          |    11 |     8 ||    19
Armor: Robe              |    31 |     5 ||    36
Dodge: Dodged            |   103 |    20 ||   123
